 Dungeon Crawl Stone Soup version 0.24-a0-499-g1074bba3cf (webtiles) character file.

Game seed: 17533292137737594249

116 Lathuz the Skirmisher (level 5, -1/34 HPs)
             Began as a Gargoyle Fighter on July 14, 2019.
             Slain by a goblin (3 damage)
             ... led by Robin
             ... on level 3 of the Dungeon.
             The game lasted 00:05:35 (1885 turns).

Lathuz the Skirmisher (Gargoyle Fighter)            Turns: 1885, Time: 00:05:36

Health: -1/34      AC: 10    Str: 24    XL:     5   Next: 1%
Magic:  5/5        EV:  7    Int:  9    God:
Gold:   98         SH:  9    Dex: 10    Spells: 4/4 levels left

rFire    . . .     SeeInvis .   a - +0 flail
rCold    . . .     Gourm    .   c - +0 shield
rNeg     + . .     Faith    .   b - +0 scale mail
rPois    ∞         Spirit   .   (no helmet)
rElec    +         Reflect  .   (no cloak)
rCorr    .         Harm     .   (no gloves)
MR       .....                  (no boots)
Stlth    ..........             (no amulet)
HPRegen  0.11/turn              (no ring)
MPRegen  0.09/turn              (no ring)

@: mighty
A: negative energy resistance 1, electricity resistance, unbreathing,
petrification resistance, rot immunity, AC +4
a: no special abilities


You were on level 3 of the Dungeon.
You were hungry.

You visited 1 branch of the dungeon, and saw 3 of its levels.

You collected 98 gold pieces.

Inventory:

Hand Weapons
 a - a +0 flail (weapon)
Missiles
 e - 3 boomerangs (quivered)
Armour
 b - a +0 scale mail (worn)
 c - a +0 shield (worn)
Scrolls
 h - a scroll of remove curse {unknown}
 i - a scroll of fog {unknown}
 j - a scroll of enchant armour {unknown}
 k - 3 scrolls of identify {unknown}
 m - a scroll of magic mapping {unknown}
 n - a scroll of fear {unknown}
 p - a scroll of teleportation {unknown}
Potions
 d - a potion of might
 l - 2 potions of curing {unknown}
Comestibles
 f - 3 rations


   Skills:
 + Level 4.3 Fighting
 * Level 4.2 Maces & Flails
 - Level 3.2 Armour
 - Level 3.2 Shields


You had 4 spell levels left.
You didn't know any spells.
Your spell library was empty.

Dungeon Overview and Level Annotations

Branches:
Dungeon (3/15)

Altars:
Dithmenos

Annotations:
D:3 1 runed translucent door, pk666's ghost, weakling DEWz


Innate Abilities, Weirdness & Mutations

You are resistant to torment.
Your stone body is resilient. (AC +4)
You are immune to poison.
You resist negative energy. (rN+)
You are resistant to electric shocks. (rElec)
You can survive without breathing.
You are immune to petrification.
You are immune to rotting.


Message History

You block the goblin's attack. The hobgoblin closely misses you.
You hit the hobgoblin.
The hobgoblin is almost dead.
The goblin hits you but does no damage.
The hobgoblin hits you but does no damage.
You block the goblin's attack.
You closely miss the hobgoblin.
The hobgoblin is almost dead.
You block the goblin's attack. x2; The hobgoblin barely misses you.
You block the goblin's attack. The goblin hits you.
* * * LOW HITPOINT WARNING * * *
You hit the hobgoblin.
You kill the hobgoblin!
The goblin closely misses you. The goblin hits you but does no damage.
The goblin hits you.
* * * LOW HITPOINT WARNING * * *
Your scale mail prevents you from hitting the goblin.
The goblin hits you but does no damage. You block the goblin's attack.
The goblin hits you.
You die...

≈≈≈.≈≈≈≈.####.####
#..≈≈≈(≈.≈≈≈≈.##.......
#....(...≈≈≈≈....#.####
#..≈≈≈≈).........#....#
#.≈≈≈≈.≈≈≈≈≈....#.##.#
#.≈≈≈≈.≈≈≈≈≈....###<.#
#.≈≈≈≈.≈≈≈≈≈.##.#....#
#.≈≈≈≈g≈≈≈≈≈.##.######
#....@g()(†..##.......
.......g)...†.##########
......(.......#
..............#
..............#
#.............#
#.....#####..## #.....
...#


You could see 3 goblins.

Vanquished Creatures
  Robin (D:3)
  4 adders
  An ooze (D:1)
  A worm (D:2)
  4 dart slugs
  A leopard gecko (D:2)
  4 bats
  4 giant cockroaches
  16 goblins
  5 hobgoblins
  3 jackals (D:1)
  A quokka (D:2)
  A kobold (D:1)
  6 rats
52 creatures vanquished.

Notes
Turn   | Place    | Note
-------+----------+-------------------------------------------
     0 | D:1      | Lathuz the Gargoyle Fighter began the quest for the Orb.
     0 | D:1      | Reached XP level 1. HP: 14/14 MP: 1/1
    98 | D:1      | Reached XP level 2. HP: 17/19 MP: 2/2
   538 | D:1      | Reached XP level 3. HP: 23/24 MP: 3/3
   642 | D:1      | You fall into a shaft and drop 1 floor!
   968 | D:2      | Found a shadowy altar of Dithmenos.
  1093 | D:2      | Reached XP level 4. HP: 27/29 MP: 4/4
  1430 | D:3      | Noticed Robin
  1639 | D:3      | Found a runed translucent door.
  1750 | D:3      | Noticed pk666's ghost (weakling DEWz)
  1860 | D:3      | Killed Robin
  1881 | D:3      | Reached XP level 5. HP: 6/34 MP: 5/5
  1885 | D:3      | Slain by a goblin

Levels and vault maps discovered:
D:1:      saegor_arrival_simple_d, layout_basic, glass_columns_c
D:2:      layout_basic, nicolae_dithmenos_through_a_glass_darkly, first_ration
D:3:      layout_basic, nicolae_gozag_seed_capital, ebering_ghost_sewer_d,
          minivault_14, nrook_campfire, minmay_misc_feat_rows, uniq_robin

Skill      XL: |  1  2  3  4 |
---------------+-------------+-----
Maces & Flails | 3 4 |  4.2
Fighting       | 4 |  4.3
Armour         | |  3.2
Shields        | |  3.2

Action                   |  1- 3 |  4- 6 || total
-------------------------+-------+-------++-------
Melee: Flail             |   122 |    66 ||   188
Throw: Stone             |    64 |    42 ||   106
       Boomerang         |       |    12 ||    12
  Use: Potion            |       |     1 ||     1
  Eat: Chunk             |     1 |     2 ||     3
Armor: Scale mail        |    71 |    52 ||   123
Dodge: Dodged            |    40 |    36 ||    76
Block: Shield            |    57 |    67 ||   124

Table legend:
 A = Non-vault XP
 B = Vault XP
 C = Vault XP percentage of total XP
 D = Non-vault monster count
 E = Vault monster count
 F = Vault count percentage of total count
                 A         B        C        D         E       F
            +---------+---------+-------+---------+---------+-------
      Total |     135 |      32 |  19.2 |      42 |      10 |  19.2
            +---------+---------+-------+---------+---------+-------
        D:1 |      40 |       0 |   0.0 |      18 |       0 |   0.0
        D:2 |      72 |       0 |   0.0 |      17 |       0 |   0.0
        D:3 |      23 |      32 |  58.2 |       7 |      10 |  58.8
            +---------+---------+-------+---------+---------+-------
